BLB
MAINE GUIDES @ PAWTUCKET PATRIOTS
04/05/2060
 
TOP OF THE 1ST
Maine Guides batting - Pitching for Pawtucket Patriots : RHP LaVar Abrudan
Pitching: RHP LaVar Abrudan
Batting: RHB Walt Dutro 0-0: Called Strike
0-1: Foul Ball, location: 2F
0-2: Fly out, F7 (Line Drive, 7S, EV 109.4 MPH)
Batting: RHB Sean Brown 0-0: Swinging Strike
0-1: Foul Ball, location: 2F
0-2: Strikes out swinging
Batting: RHB Jarrett Shaneyfelt 0-0: Ball
1-0: Ball
2-0: Called Strike
2-1: Ball
3-1: Base on Balls
Batting: RHB Nathan Bennett 0-0: Fielders Choice at 2nd, 5-4 (Groundball, 56, EV 83.1 MPH)
Top of the 1st over - 0 runs, 0 hits, 0 errors, 1 left on base; Maine 0 - Pawtucket 0
BOTTOM OF THE 1ST
Pawtucket Patriots batting - Pitching for Maine Guides : RHP Dave Hunt
Pitching: RHP Dave Hunt
Batting: SHB Cody Janway 0-0: Ball
1-0: Foul Ball, location: 2F
1-1: Foul Ball, location: 2F
1-2: Foul Ball, location: 2F
1-2: Foul Ball, location: 2F
1-2: Strikes out looking
Batting: RHB Keith Friday 0-0: Foul Ball, location: 2F
0-1: Called Strike
0-2: Ball
1-2: Ball
2-2: Strikes out swinging
Batting: LHB Ira Benda 0-0: Called Strike
0-1: Ball
1-1: Foul Ball, location: 2F
1-2: Strikes out swinging
Bottom of the 1st over - 0 runs, 0 hits, 0 errors, 0 left on base; Maine 0 - Pawtucket 0
TOP OF THE 2ND
Maine Guides batting - Pitching for Pawtucket Patriots : RHP LaVar Abrudan
Batting: RHB Brad Pendolino 0-0: Foul Ball, location: 2F
0-1: Ball
1-1: Foul Ball, location: 2F
1-2: Fly out, F6 (Popup, 6MD, EV 55.6 MPH)
Batting: RHB Derek Rosado 0-0: Ball
1-0: Called Strike
1-1: Called Strike
1-2: Foul Ball, location: 2F
1-2: Ground out 6-3 (Groundball, 6MD, EV 85.0 MPH)
Batting: RHB Byron Bentley 0-0: Ball
1-0: Called Strike
1-1: SINGLE (Line Drive, 4MD, EV 99.4 MPH)
Batting: RHB Martin Moorman 0-0: Called Strike
0-1: Ball
1-1: Ball
2-1: Foul Ball, location: 2F
2-2: Foul Ball, location: 2F
2-2: Ball
3-2: Base on Balls
Byron Bentley to second
Batting: RHB Jaret Foley 0-0: SINGLE (Line Drive, 78M, EV 88.8 MPH)
Byron Bentley to third
Martin Moorman to second
Batting: RHB Walt Dutro 0-0: SINGLE (Groundball, 6MS, EV 81.2 MPH) (infield hit)
Byron Bentley scores
Martin Moorman to third
Jaret Foley to second
Batting: RHB Sean Brown 0-0: Ball
1-0: Ground out 4-3 (Groundball, 4, EV 90.0 MPH)
Top of the 2nd over - 1 run, 3 hits, 0 errors, 3 left on base; Maine 1 - Pawtucket 0
BOTTOM OF THE 2ND
Pawtucket Patriots batting - Pitching for Maine Guides : RHP Dave Hunt
Batting: LHB Justin Knight 0-0: Ball
1-0: Foul Ball, location: 2F
1-1: Ball
2-1: Foul Ball, location: 2F
2-2: Foul Ball, location: 2F
2-2: Strikes out swinging
Batting: RHB Carter Kocher 0-0: Foul Ball, location: 2F
0-1: Ball
1-1: Ball
2-1: Ball
3-1: Foul Ball, location: 2F
3-2: Strikes out swinging
Batting: LHB Benjamin Guy 0-0: Called Strike
0-1: Foul Ball, location: 2F
0-2: Ball
1-2: Ball
2-2: DOUBLE (Groundball, 3L, EV 100.6 MPH)
Batting: RHB Brayden Carlson 0-0: Called Strike
0-1: Ball
1-1: Swinging Strike
1-2: Strikes out swinging
Bottom of the 2nd over - 0 runs, 1 hit, 0 errors, 1 left on base; Maine 1 - Pawtucket 0
TOP OF THE 3RD
Maine Guides batting - Pitching for Pawtucket Patriots : RHP LaVar Abrudan
Batting: RHB Jarrett Shaneyfelt 0-0: Ball
1-0: Foul Ball, location: 2F
1-1: Called Strike
1-2: Strikes out swinging
Batting: RHB Nathan Bennett 0-0: Ball
1-0: Swinging Strike
1-1: Foul Ball, location: 2F
1-2: Ball
2-2: TRIPLE (Flyball, 89XD, EV 104.4 MPH)
Batting: RHB Brad Pendolino 0-0: Swinging Strike
0-1: Called Strike
0-2: Foul Ball, location: 2F
0-2: Ball
1-2: Ball
2-2: Strikes out looking
Batting: RHB Derek Rosado 0-0: Foul Ball, location: 2F
0-1: Swinging Strike
0-2: Strikes out swinging
Top of the 3rd over - 0 runs, 1 hit, 0 errors, 1 left on base; Maine 1 - Pawtucket 0
BOTTOM OF THE 3RD
Pawtucket Patriots batting - Pitching for Maine Guides : RHP Dave Hunt
Batting: RHB Logan Kyle 0-0: Ball
1-0: Called Strike
1-1: Swinging Strike
1-2: Strikes out swinging
Batting: RHB Vin Edwards 0-0: Ball
1-0: Fly out, F9 (Flyball, 9S, EV 76.9 MPH)
Batting: SHB Cody Janway 0-0: Foul Ball, location: 2F
0-1: Ball
1-1: Foul Ball, location: 2F
1-2: SINGLE (Groundball, 34D, EV 101.9 MPH)
Batting: RHB Keith Friday 0-0: Called Strike
Cody Janway steals 2nd base
0-1: Ball
1-1: Reached on error, E2 (Groundball, 2R, EV 61.9 MPH)
Cody Janway to third
Batting: LHB Ira Benda 0-0: Called Strike
0-1: DOUBLE (Flyball, 8RXD, EV 111.2 MPH)
Cody Janway scores
Keith Friday to third
Runner from 3rd tries for Home, SAFE, throw by CF to trailing runner, OUT at third! 8-3-5
Bottom of the 3rd over - 2 runs, 2 hits, 1 error, 0 left on base; Maine 1 - Pawtucket 2
TOP OF THE 4TH
Maine Guides batting - Pitching for Pawtucket Patriots : RHP LaVar Abrudan
Batting: RHB Byron Bentley 0-0: Ball
1-0: Ball
2-0: Ball
3-0: Called Strike
3-1: Foul Ball, location: 2F
3-2: SINGLE (Groundball, 34D, EV 105.6 MPH)
Batting: RHB Martin Moorman 0-0: Called Strike
0-1: Swinging Strike
0-2: Ball
1-2: Ball
2-2: Ball
3-2: Grounds into double play, 5-4-3 (Groundball, 56, EV 101.2 MPH)
Batting: RHB Jaret Foley 0-0: Ball
1-0: Ball
2-0: Ball
3-0: Called Strike
3-1: Called Strike
3-2: Base on Balls
Batting: RHB Walt Dutro 0-0: Ball
1-0: Ball
Jaret Foley steals 2nd base (no throw)
2-0: Called Strike
2-1: Called Strike
2-2: Strikes out swinging
Top of the 4th over - 0 runs, 1 hit, 0 errors, 1 left on base; Maine 1 - Pawtucket 2
BOTTOM OF THE 4TH
Pawtucket Patriots batting - Pitching for Maine Guides : RHP Dave Hunt
Batting: LHB Justin Knight 0-0: Ball
1-0: Foul Ball, location: 2F
1-1: Called Strike
1-2: Strikes out looking
Batting: RHB Carter Kocher 0-0: SOLO HOME RUN (Flyball, 7D, EV 94.4 MPH), Distance : 345 ft
Batting: LHB Benjamin Guy 0-0: Called Strike
0-1: Foul Ball, location: 2F
0-2: Strikes out swinging
Batting: RHB Brayden Carlson 0-0: Called Strike
0-1: Foul Ball, location: 2F
0-2: SINGLE (Line Drive, 7S, EV 104.4 MPH)
Batting: RHB Logan Kyle 0-0: Fly out, F9 (Line Drive, 89M, EV 92.5 MPH)
Bottom of the 4th over - 1 run, 2 hits, 0 errors, 1 left on base; Maine 1 - Pawtucket 3
TOP OF THE 5TH
Maine Guides batting - Pitching for Pawtucket Patriots : RHP LaVar Abrudan
Batting: RHB Sean Brown 0-0: Swinging Strike
0-1: Ball
1-1: Called Strike
1-2: Strikes out looking
Batting: RHB Jarrett Shaneyfelt 0-0: Ball
1-0: SINGLE (Groundball, 6MD, EV 107.5 MPH)
Batting: RHB Nathan Bennett 0-0: Ball
1-0: Foul Ball, location: 2F
1-1: Swinging Strike
1-2: Strikes out swinging
Batting: RHB Brad Pendolino 0-0: Ball
Jarrett Shaneyfelt steals 2nd base
1-0: Fly out, F9 (Line Drive, 9, EV 92.5 MPH)
Top of the 5th over - 0 runs, 1 hit, 0 errors, 1 left on base; Maine 1 - Pawtucket 3
BOTTOM OF THE 5TH
Pawtucket Patriots batting - Pitching for Maine Guides : RHP Dave Hunt
Batting: RHB Vin Edwards 0-0: Foul Ball, location: 2F
0-1: Ball
1-1: Called Strike
1-2: Ball
2-2: Fly out, F8 (Flyball, 78M, EV 83.8 MPH)
Pitching: RHP Gavin Lankford
Batting: SHB Cody Janway 0-0: Foul Ball, location: 2F
0-1: Ball
1-1: Ball
2-1: Foul Ball, location: 2F
2-2: Fly out, F8 (Flyball, 8RM, EV 92.5 MPH)
Batting: RHB Keith Friday 0-0: Foul Ball, location: 2F
0-1: Foul Ball, location: 2F
0-2: Reached on error, E6 (Groundball, 6, EV 87.5 MPH)
Batting: LHB Ira Benda 0-0: Ball
1-0: Ball
2-0: Foul Ball, location: 2F
2-1: Ball
3-1: Swinging Strike
3-2: Foul Ball, location: 2F
3-2: Strikes out swinging
Bottom of the 5th over - 0 runs, 0 hits, 1 error, 1 left on base; Maine 1 - Pawtucket 3
TOP OF THE 6TH
Maine Guides batting - Pitching for Pawtucket Patriots : RHP LaVar Abrudan
Batting: RHB Derek Rosado 0-0: SINGLE (Line Drive, 9LM, EV 103.1 MPH)
Batting: RHB Byron Bentley 0-0: Ball
1-0: Called Strike
1-1: Ball
2-1: Ball
3-1: Called Strike
3-2: Grounds into double play, 6-4-3 (Groundball, 6S, EV 87.5 MPH)
Batting: RHB Martin Moorman 0-0: Called Strike
0-1: Foul Ball, location: 2F
0-2: Hit by Pitch
Batting: RHB Jaret Foley 0-0: Called Strike
0-1: Ball
1-1: Ball
2-1: Fly out, F9 (Flyball, 89M, EV 95.6 MPH)
Top of the 6th over - 0 runs, 1 hit, 0 errors, 1 left on base; Maine 1 - Pawtucket 3
BOTTOM OF THE 6TH
Pawtucket Patriots batting - Pitching for Maine Guides : RHP Gavin Lankford
Batting: LHB Justin Knight 0-0: Ball
1-0: Ball
2-0: Called Strike
2-1: Ball
3-1: DOUBLE (Line Drive, 3D, EV 98.1 MPH)
Batting: RHB Carter Kocher 0-0: Foul Ball, location: 2F
0-1: Ball
1-1: Fly out, F4 (Line Drive, 4, EV 65.6 MPH)
Batting: LHB Benjamin Guy 0-0: Called Strike
0-1: Ground out 3-1 (Groundball, 34S, EV 79.4 MPH)
Justin Knight to third
Batting: RHB Brayden Carlson 0-0: Called Strike
0-1: Ball
1-1: Called Strike
1-2: Ball
2-2: Ball
3-2: Foul Ball, location: 2F
3-2: Strikes out looking
Bottom of the 6th over - 0 runs, 1 hit, 0 errors, 1 left on base; Maine 1 - Pawtucket 3
TOP OF THE 7TH
Maine Guides batting - Pitching for Pawtucket Patriots : RHP LaVar Abrudan
Batting: RHB Walt Dutro 0-0: Ball
1-0: Ball
2-0: Swinging Strike
2-1: Ball
3-1: Fly out, F9 (Line Drive, 9LS, EV 98.8 MPH)
Batting: RHB Sean Brown 0-0: Ball
1-0: Foul Ball, location: 2F
1-1: Foul Ball, location: 2F
1-2: Ball
2-2: Foul Ball, location: 2F
2-2: Strikes out swinging
Batting: RHB Jarrett Shaneyfelt 0-0: Called Strike
0-1: Ball
1-1: Foul Ball, location: 2F
1-2: Ball
2-2: Strikes out looking
Top of the 7th over - 0 runs, 0 hits, 0 errors, 0 left on base; Maine 1 - Pawtucket 3
BOTTOM OF THE 7TH
Pawtucket Patriots batting - Pitching for Maine Guides : RHP Gavin Lankford
Batting: RHB Logan Kyle 0-0: Called Strike
0-1: Foul Ball, location: 2F
0-2: Strikes out swinging
Batting: RHB Vin Edwards 0-0: Ball
1-0: Fly out, F8 (Flyball, 8LXD, EV 104.4 MPH)
Batting: SHB Cody Janway 0-0: Ball
1-0: Swinging Strike
1-1: Ball
2-1: Foul Ball, location: 2F
2-2: Strikes out swinging
Bottom of the 7th over - 0 runs, 0 hits, 0 errors, 0 left on base; Maine 1 - Pawtucket 3
TOP OF THE 8TH
Maine Guides batting - Pitching for Pawtucket Patriots : RHP LaVar Abrudan
Batting: RHB Nathan Bennett 0-0: Ball
1-0: Swinging Strike
1-1: Swinging Strike
1-2: Foul Ball, location: 2F
1-2: Strikes out looking
Pitching: LHP Greg Batton
Batting: RHB Brad Pendolino 0-0: Swinging Strike
0-1: Foul Ball, location: 2F
0-2: Foul Ball, location: 2F
0-2: Ball
1-2: Foul Ball, location: 2F
1-2: Strikes out looking
Batting: RHB Derek Rosado 0-0: Ball
1-0: Called Strike
1-1: Ball
2-1: Ground out 4-3 (Groundball, 4, EV 87.5 MPH)
Top of the 8th over - 0 runs, 0 hits, 0 errors, 0 left on base; Maine 1 - Pawtucket 3
BOTTOM OF THE 8TH
Pawtucket Patriots batting - Pitching for Maine Guides : RHP Gavin Lankford
Batting: RHB Keith Friday 0-0: Called Strike
0-1: Ball
1-1: Ball
2-1: Fly out, F4 (Line Drive, 4D, EV 72.5 MPH)
Batting: LHB Ira Benda 0-0: Called Strike
0-1: Swinging Strike
0-2: Ball
1-2: Foul Ball, location: 2F
1-2: Fly out, F7 (Flyball, 7S, EV 72.5 MPH)
Batting: LHB Justin Knight 0-0: Called Strike
0-1: Foul Ball, location: 2F
0-2: Strikes out swinging
Bottom of the 8th over - 0 runs, 0 hits, 0 errors, 0 left on base; Maine 1 - Pawtucket 3
TOP OF THE 9TH
Maine Guides batting - Pitching for Pawtucket Patriots : LHP Greg Batton
Pitching: RHP J.D. de Leon
Now at 1B: Burgess Nalivkin
Batting: RHB Byron Bentley 0-0: Ball
1-0: Called Strike
1-1: Ball
2-1: Foul Ball, location: 2F
2-2: Strikes out looking
Batting: RHB Martin Moorman 0-0: Ball
1-0: Ball
2-0: Ground out U3 (Groundball, 34, EV 109.4 MPH)
Batting: RHB Jaret Foley 0-0: Ball
1-0: Ball
2-0: Called Strike
2-1: Swinging Strike
2-2: Strikes out swinging
Top of the 9th over - 0 runs, 0 hits, 0 errors, 0 left on base; Maine 1 - Pawtucket 3
Thursday, April 25th , 2024 - OOTP Baseball 23.10 Build 110